 Dungeon Crawl Stone Soup version 0.29.1-15-g9cfb28693d (webtiles) character file.

Game seed: 8689825699075318786

123 Hugehornet the Poker (level 5, -11/41 HPs)
             Began as a Formicid Fighter on Apr 2, 2023.
             Killed by divine providence
             ... invoked by an orc priest
              (13 damage)
             ... on level 3 of the Dungeon.
             The game lasted 00:09:17 (2672 turns).

Hugehornet the Poker (Formicid Fighter)             Turns: 2672, Time: 00:09:17

Health: -11/41     AC:  6    Str: 21    XL:     5   Next: 29%
Magic:  5/5        EV:  9    Int:  9    God:
Gold:   100        SH:  5    Dex: 13    Spells: 4/4 levels left

rFire   . . .      SeeInvis +   a - +0 trident
rCold   . . .      Faith    .   c - +0 buckler
rNeg    . . .      Spirit   .   b - +0 scale mail
rPois   .          Reflect  .   (helmet unavailable)
rElec   .          Harm     .   (no cloak)
rCorr   .          Rampage  .   (no gloves)
Will    .....                   (no boots)
Stlth   ..........              (no amulet)
HPRegen 0.13/turn               (no ring)
MPRegen 0.09/turn               (no ring)

@: no status effects
A: permanent stasis, dig shafts and tunnels, antennae 3, four strong arms
a: Dig, Shaft Self


You were on level 3 of the Dungeon.
You visited 1 branch of the dungeon, and saw 3 of its levels.

You collected 152 gold pieces.
You spent 52 gold pieces at shops.

Inventory:

Hand Weapons
 a - a +0 trident (weapon)
Armour
 b - a +0 scale mail (worn)
 c - a +0 buckler (worn)
Potions
 d - a potion of might
 e - a potion of curing {unknown}
 f - a potion of flight {unknown}


   Skills:
 - Level 3.3 Fighting
 + Level 5.0 Polearms
 - Level 3.3 Armour
 - Level 4.1 Shields


You had 4 spell levels left.
You didn't know any spells.
Your spell library contained the following spells:

 Spells                   Type           Power      Damage    Failure   Level
 Beastly Appendage        Tmut           0%         N/A       80%         1
 Wereblood                Tmut           0%         N/A       90%         2
 Spider Form              Tmut/Pois      0%         N/A       99%         3


Dungeon Overview and Level Annotations

Branches:
Dungeon (3/15)

Altars:
Gozag

Shops:
D:1 ?

Annotations:
D:3 Sigmund


Innate Abilities, Weirdness & Mutations

You cannot be hasted, slowed, berserked, paralysed or teleported.
You can dig through walls and to a lower floor.
You have a pair of large antennae on your head. (SInv)
Your four strong arms can wield two-handed weapons with a shield.


Message History

The frilled lizard hisses angrily.
A frilled lizard is nearby!
Reach: a) +0 trident
Press: ? - help, Dir - move target, f - frilled lizard
Aim: a frilled lizard (about 60% to evade your +0 trident)
You reach to attack!
You puncture the frilled lizard!
You kill the frilled lizard!
Sigmund the Dreaded comes into view.
He is wielding a +0 scythe.
Sigmund shouts!
You hear a shout! x2
Sigmund moves out of view.
An orc priest comes into view. It is wielding a +0 club.
An orc comes into view. It is wielding a +0 mace.
The orc shouts!
An orc wizard and an orc priest come into view.
Found a ring mail.
The orc wizard shouts!
The orc priest shouts!
An orc priest comes into view. It is wielding a +0 trident.
The orc priest shouts!
The orc priest barely misses you. The orc hits you with a +0 mace.
The orc wizard mumbles some strange words.
The orc wizard flickers and vanishes for a moment.
The orc priest barely misses you.
The orc priest hits you from afar with a +0 trident.
You block the orc priest's attack.
The orc priest looks braver for a moment.
You block the orc wizard's attack. The orc priest misses you.
The orc priest attacks as you move away!
The orc priest hits you with a +0 club.
The orc priest invokes the aid of Beogh against you.
Beogh smites you! The orc attacks as you move away!
The orc hits you with a +0 mace.
The orc priest mumbles some strange prayers to Beogh against you.
Beogh smites you!
* * * LOW HITPOINT WARNING * * *
Sigmund gestures wildly while chanting.
Sigmund flickers and vanishes for a moment.
The orc priest mumbles some strange prayers to Beogh against you.
Beogh smites you!
You die...

.....)...#####...#.#
.#########....@....#####
.# #@####........# .#
#.# #####........ .# #.#
#.##.###. .# #@#### #.#
# .# #....## #@# .#
#...o.####.##.# ##
#..o.oo@......#
#....o####.##.# #....##
#..... #.....# ........
###.....## #......


You could see Sigmund (invisible), 3 orc priests, an orc wizard (invisible) and
an orc.

Vanquished Creatures
  An iguana (D:2)
  4 adders (D:2)
  2 dart slugs
  An orc (D:3)
  A ball python (D:1)
  5 endoplasms
  3 giant cockroaches (D:1)
  8 goblins
  3 hobgoblins
  6 jackals
  3 quokkas
  A bat (D:2)
  7 frilled lizards
  2 kobolds
  8 rats
55 creatures vanquished.

Notes
Turn   | Place    | Note
-------+----------+-------------------------------------------
     0 | D:1      | Hugehornet the Formicid Fighter began the quest for the
                  | Orb.
     0 | D:1      | Reached XP level 1. HP: 18/18 MP: 1/1
   188 | D:1      | Reached XP level 2. HP: 24/24 MP: 2/2
   356 | D:1      | Reached skill level 3 in Polearms
   591 | D:1      | Reached XP level 3. HP: 24/24 MP: 3/3
   961 | D:1      | Found Paro's Magic Scroll Shoppe.
   969 | D:1      | Bought a scroll of identify for 26 gold pieces
   969 | D:1      | Bought a scroll of identify for 26 gold pieces
  1584 | D:2      | Found an opulent altar of Gozag.
  1616 | D:2      | Reached XP level 4. HP: 20/35 MP: 4/4
  1774 | D:2      | Reached skill level 4 in Polearms
  2222 | D:2      | Reached XP level 5. HP: 34/41 MP: 5/5
  2621 | D:3      | Reached skill level 5 in Polearms
  2653 | D:3      | Noticed Sigmund
  2671 | D:3      | HP: 2/41 [orc priest/divine providence (13)]
  2672 | D:3      | Killed from afar by an orc priest

Illustrated notes

Levels and vault maps discovered:
D:1:      saegor_arrival_miasma, layout_basic, serial_shops, shop
D:2:      layout_basic, basic_altar
D:3:      layout_loops_ring, columned_hall_lemuel, uniq_natasha, uniq_sigmund

Skill      XL: |  1  2  3  4  5 |
---------------+----------------+-----
Polearms       | 3 4 5 |  5.0
Fighting       | |  3.3
Armour         | |  3.3
Shields        | |  4.1

Action                   |  1- 3 |  4- 6 || total
-------------------------+-------+-------++-------
Melee: Trident           |   111 |    50 ||   161
 Abil: Dig               |     2 |     1 ||     3
  Use: Scroll            |     2 |       ||     2
Armor: Scale mail        |    45 |     6 ||    51
Dodge: Dodged            |    48 |    15 ||    63
Block: Buckler           |    24 |     7 ||    31
